 Dungeon Crawl Stone Soup version 0.28.0 (webtiles) character file.

Game seed: 2090614897323472782

165809 emikaela the Carver (level 17, -11/127 (137) HPs)
             Began as a Gnoll Cinder Acolyte on Feb 8, 2022.
             Was an Elder of Ignis.
             Killed from afar by a jorogumo (51 damage)
             ... with a bolt of negative energy
             ... on level 4 of the Spider Nest on Feb 10, 2022.
             The game lasted 02:55:22 (41844 turns).

emikaela the Carver (Gnoll Cinder Acolyte)         Turns: 41844, Time: 02:55:22

HP:   -11/127 (137) AC: 19    Str: 14 (16) XL:     17   Next: 88%
MP:   30/33         EV: 14    Int: 24 (25) God:    Ignis [****..]
Gold: 2229          SH:  6    Dex:  8 (10) Spells: 4/40 levels left

rFire   + . .      SeeInvis .   a - +5 broad axe (vamp)
rCold   . . .      Faith    .   R - +0 buckler
rNeg    . . .      Spirit   .   M - +2 robe of Egalitarianism {rPois Regen+ Int+8}
rPois   +          Reflect  .   s - +2 helmet
rElec   .          Harm     .   U - +2 cloak
rCorr   .          Rampage  .   (no gloves)
Will    +....                   u - +2 pair of boots
Stlth   +++++.....              J - amulet of magic regeneration
HPRegen 1.11/turn               K - +4 ring of slaying
MPRegen 0.63/turn               o - +4 ring of protection

@: about to teleport, slowed, drained, very slow
A: fangs 1, strong nose, distributed training
a: Renounce Religion, Fiery Armour, Foxfire Swarm, Rising Flame


You were on level 4 of the Spider Nest.
You worshipped Ignis.
Ignis was greatly pleased with you.
You visited 5 branches of the dungeon, and saw 28 of its levels.
You also visited: Ice Cave.

You collected 2439 gold pieces.
You spent 210 gold pieces at shops.

Inventory:

Hand Weapons
 a - a +5 vampiric broad axe (weapon)
 b - the +7 hand axe "Daumuej" {pain, +Blink rCorr Str-4 Stlth+}
   (You found it on level 6 of the Lair of Beasts)

   In the hands of one skilled in necromantic magic, it inflicts extra damage on
   living creatures.
   Str:       It affects your strength (-4).
   +Blink:    It lets you blink.
   rCorr:     It protects you from acid and corrosion.
   Stlth:     It makes you more stealthy.
Missiles
 j - 2 javelins
 n - 2 throwing nets {!f}
 x - 8 atropa-tipped darts
 y - a silver boomerang
 E - 46 poisoned darts (quivered)
 H - 5 curare-tipped darts {!f}
 V - 2 silver javelins
 W - 11 boomerangs
Armour
 s - a +2 helmet (worn)
 u - a +2 pair of boots (worn)
 v - the +1 ring mail "Tuodud" {rC+ Dex+2 SInv}
   (You found it on level 15 of the Dungeon)

   Dex:       It affects your dexterity (+2).
   rC:        It protects you from cold.
   SInv:      It lets you see invisible.
 M - the +2 robe of Egalitarianism (worn) {rPois Regen+ Int+8}
   (You found it on level 6 of the Lair of Beasts)

   Int:       It affects your intelligence (+8).
   rPois:     It protects you from poison.
   Regen:     It increases your rate of health regeneration.
 R - a +0 buckler (worn)
 U - a +2 cloak (worn)
 Z - the +2 leather armour of Dishonesty {rC+ Str+7 Int+4}
   (You found it on level 2 of the Spider Nest)

   Str:       It affects your strength (+7).
   Int:       It affects your intelligence (+4).
   rC:        It protects you from cold.
Jewellery
 o - a +4 ring of protection (right hand)
 I - a ring of positive energy
 J - an amulet of magic regeneration (around neck)
 K - a +4 ring of slaying (left hand)
 T - a ring of ice
Wands
 A - a wand of acid (3)
 B - a wand of iceblast (12)
 D - a wand of charming (9)
 F - a wand of flame (22)
 G - a wand of digging (4)
 P - a wand of paralysis (19)
 S - a wand of mindburst (5)
Scrolls
 f - 2 scrolls of fear
 g - 6 scrolls of fog
 h - 3 scrolls of holy word
 i - 2 scrolls of identify
 l - a scroll of blinking
 m - 3 scrolls of magic mapping
 p - 3 scrolls of teleportation
 r - a scroll of brand weapon
Potions
 c - 2 potions of berserk rage {!q}
 d - 5 potions of brilliance
 e - 2 potions of flight
 k - 3 potions of magic
 q - 3 potions of haste
 t - a potion of lignification {!q}
 w - 2 potions of ambrosia
 z - 4 potions of heal wounds
 C - 4 potions of might
 L - 2 potions of curing
 O - 3 potions of resistance
 Q - a potion of invisibility
Miscellaneous
 N - a condenser vane
 X - a lightning rod (4/4)
 Y - a phantom mirror


   Skills:
 + Level 13.5 Fighting
 + Level 12.0 Short Blades
 + Level 13.5 Long Blades
 + Level 12.0 Axes
 + Level 12.0 Maces & Flails
 + Level 12.0 Polearms
 + Level 12.0 Staves
 + Level 12.0 Slings
 + Level 12.0 Bows
 + Level 12.0 Crossbows
 + Level 12.0 Throwing
 + Level 12.0 Armour
 + Level 12.0 Dodging
 + Level 12.0 Stealth
 + Level 12.0 Shields
 + Level 12.0 Unarmed Combat
 + Level 12.3 Spellcasting
 + Level 10.1 Conjurations
 + Level 10.1 Hexes
 + Level 10.1 Summonings
 + Level 10.1 Necromancy
 + Level 10.1 Translocations
 + Level 10.1 Transmutations
 + Level 11.5 Fire Magic
 + Level 10.1 Ice Magic
 + Level 10.1 Air Magic
 + Level 10.1 Earth Magic
 + Level 10.1 Poison Magic
 + Level 13.0 Invocations
 + Level 12.0 Evocations


You had 4 spell levels left.
You knew the following spells:

 Your Spells              Type           Power      Damage    Failure   Level
a - Scorch                Fire           100%       2d10      1%          2
b - Summon Ice Beast      Ice/Summ       59%        N/A       1%          4
c - Mephitic Cloud        Conj/Pois/Air  59%        N/A       1%          3
e - Irradiate             Conj/Tmut      29%        3d23      1%          5
g - Ignite Poison         Fire/Tmut/Pois 60%        N/A       1%          3
n - Iskenderun's Mystic   Conj/Tloc      59%        2d12      1%          4
p - Apportation           Tloc           100%       N/A       1%          1
s - Sticky Flame          Conj/Fire      61%        2d8       1%          4
v - Summon Mana Viper     Hex/Summ       59%        N/A       1%          5
x - Alistair's Intoxicat  Tmut/Pois      39%        N/A       1%          5

Your spell library contained the following spells:

 Spells                   Type           Power      Damage    Failure   Level
 Freeze                   Ice            100%       1d11      1%          1
 Magic Dart               Conj           100%       1d8       1%          1
 Call Imp                 Summ           59%        N/A       1%          2
 Corpse Rot               Necr/Air       100%       N/A       1%          2
 Call Canine Familiar     Summ           59%        N/A       1%          3
 Confusing Touch          Hex            59%        N/A       1%          3
 Conjure Flame            Conj/Fire      61%        6-21      1%          3
 Dazzling Flash           Conj/Hex       100%       N/A       1%          3
 Frozen Ramparts          Ice            100%       1d12      1%          3
 Portal Projectile        Hex/Tloc       100%       N/A       1%          3
 Tukima's Dance           Hex            59%        N/A       1%          3
 Anguish                  Hex/Necr       29%        N/A       1%          4
 Dispel Undead            Necr           59%        3d21      1%          4
 Fulminant Prism          Conj/Hex       29%        3d14      1%          4
 Hailstorm                Conj/Ice       59%        3d13      1%          4
 Leda's Liquefaction      Hex/Erth       29%        N/A       1%          4
 Blade Hands              Tmut           29%        N/A       1%          5
 Fireball                 Conj/Fire      30%        3d13      1%          5
 Lee's Rapid Deconstruct  Erth           29%        3d16*     1%          5
 Yara's Violent Unravell  Hex/Tmut       29%        3d12      1%          5
 Starburst                Conj/Fire      30%        6d9       9%          6
 Conjure Ball Lightning   Conj/Air       29%        3x3d8     12%         6
 Death Channel            Necr           29%        N/A       12%         6
 Statue Form              Tmut/Erth      39%        N/A       12%         6
 Dragon Form              Tmut           29%        N/A       54%         7
 Enfeeble                 Hex            29%        N/A       54%         7
 Monstrous Menagerie      Summ           29%        N/A       54%         7
 Orb of Destruction       Conj           29%        9d9       54%         7
 Spellforged Servitor     Conj/Summ      29%        N/A       54%         7
 Ignition                 Fire           31%        3d10      96%         8
 Discord                  Hex            29%        N/A       99%         8
 Disjunction              Tloc           29%        N/A       99%         8


Dungeon Overview and Level Annotations

Branches:
Dungeon (15/15)            Temple (0/1) D:5            Lair (6/6) D:10
 Shoals (0/4) Lair:2       Spider (4/4) Lair:4        Slime (1/5) Lair:6
    Orc (2/2) D:12            Elf (0/3) Orc:2        Vaults (0/5) D:14
 Depths (0/4) D:15          IceCv (visited)

Altars:
Dithmenos
Gozag
Makhleb
Okawaru
Ru
Sif Muna
Uskayaw
The Shining One
Beogh

Shops:
Orc:2 !*!!

Annotations:
D:9 1 runed translucent door
D:13 3 runed translucent doors, Yqoodd's ghost, journeyman GnWr


Innate Abilities, Weirdness & Mutations

You have very sharp teeth.
Your uncanny sense of smell can sniff out nearby items.
Your experience applies equally to all skills.


Message History

The demonic crawler barely misses you.
The demonic crawler hits you but does no damage.
The demonic crawler completely misses you.
You are too injured to fight recklessly!
You slash the demonic crawler!
The demonic crawler is severely wounded.
A death scarab comes into view.
The death scarab bites your mana viper!!
Your mana viper dies!
Your mana viper disappears in a puff of smoke!
The demonic crawler misses you. The demonic crawler closely misses you.
The demonic crawler hits you but does no damage.
Your ice beast barely misses the demonic crawler.
The demonic crawler burns!
The death scarab bites your ice beast!! The death scarab bites your ice beast.
The death scarab bites you!!
The death scarab draws strength from your injuries!
Your ice beast closely misses the death scarab.
The demonic crawler burns!
The demonic crawler shrieks in warning!
A death scarab comes into view.
A spectral jumping spider comes into view.
Your ice beast hits the demonic crawler but does no damage.
The death scarab moves out of view.
Unknown command.
Press: ? - help, v - describe, . - travel
Here: a death scarab (ally target)
The floor, spattered with blood.
As you read the scroll of teleportation, it crumbles to dust.
You feel strangely unstable.
The demonic crawler burns!
The demonic crawler stops burning.
The death scarab bites you!! The death scarab drains your vigour!
You feel yourself slow down.
The death scarab draws strength from your injuries!
The death scarab bites you but does no damage.
Your ice beast barely misses the death scarab.
The death scarab waves its antennae.
The death scarab bites your ice beast! The jorogumo casts a spell at you.
The bolt of negative energy misses the death scarab.
The bolt of negative energy hits you!!!
You feel drained.
You die...

≈##≈≈≈.^.#... ∆ ∆#≈≈≈≈≈≈≈≈..
≈≈≈≈≈≈...#... ∆ ∆#..≈≈≈≈≈≈..
#≈≈≈≈≈...#... ∆ ∆#.≈≈≈≈≈≈≈≈.
###≈≈≈...##.Z ∆ ∆####≈#≈#≈≈.
####≈≈...#... #§≈≈≈≈≈≈≈≈.
#.##≈.#..#^.. ∆ ∆#..≈≈#≈≈≈..
...#..≈..#..Z##########...≈#.≈≈.#
.8.#.....#^YsH...#.^.......#.≈≈..
...#.....#.#...B@.^......#.#.≈≈..
...##....#.....B.....#^....#.≈≈..
.8.#.....###################.#≈≈.
...#........≈#≈≈≈≈.#.....^#...≈≈.
...#.#...#≈≈≈≈≈≈≈≈≈...........≈≈≈
.8.#...≈≈≈≈≈...≈≈≈≈≈≈≈≈.#.....≈#≈
...#≈≈≈≈≈≈≈....#..≈≈≈#≈≈......^≈≈
..^#≈≈≈#^............≈≈≈≈....^.≈≈
^8.##############################


You could see a jorogumo, a demonic crawler, a spectral jumping spider, 2 death
scarabs and a friendly ice beast (summoned).

Vanquished Creatures
  Jorgrun (Spider:3)
  6 emperor scorpions
  2 ghost moths (Spider:4)
  3 broodmothers
  2 dire elephants
  5 entropy weavers
  A spark wasp (Spider:4)
  An ettin (Orc:2)
  A rakshasa (D:15)
  A catoblepas (Lair:6)
  Erolcha (Orc:2)
  4 centaur warriors
  16 hydras
  A vault guard (D:14)
  2 jorogumos
  6 boulder beetles
  6 death yaks (Lair:6)
  2 orc high priests (Orc:2)
  2 radroaches
  5 two-headed ogres
  A tengu warrior (D:14)
  3 pharaoh ants
  4 steelbarb worms
  3 orb spiders
  2 wizards (D:13)
  A deep elf archer (D:14)
  5 orc knights
  A lindwurm (Lair:6)
  A broodmother zombie (Spider:4)
  3 deep elf pyromancers
  A deep elf zephyrmancer (D:14)
  4 cyclopes
  A necromancer (D:13)
  3 orc sorcerers (Orc:2)
  15 wolf spiders
  9 elephants
  12 ugly things
  3 manticores
  3 moths of wrath
  13 black mambas
  A naga mage (D:15)
  2 torpor snails
  A guardian serpent (Lair:6)
  An unseen horror (D:11)
  15 cane toads
  2 gargoyles
  3 demonic crawlers
  4 rime drakes
  A kobold demonologist (D:12)
  2 efreet
  Maggie (Lair:1)
  6 komodo dragons
  A tengu conjurer (D:14)
  A redback zombie (Spider:4)
  7 trolls
  3 polar bears
  A merfolk (D:9)
  15 meliai
  6 hornets
  Grinder (D:6)
  13 slime creatures
  18 tarantellas
  14 blink frogs
  A snapping turtle (Lair:2)
  2 dream sheep (Lair:6)
  A jumping spider zombie (Spider:4)
  2 vampires
  11 culicivoras
  6 jumping spiders
  22 yaks
  5 shadows
  12 wyverns
  A spriggan (shapeshifter) (D:15)
  2 steam dragons (D:10)
  A wraith (D:11)
  25 humans
  6 basilisks
  38 redbacks
  17 vampire mosquitoes
  Menkaure (D:7)
  2 wargs
  3 acid dragons
  20 water moccasins
  2 black bears
  26 orc warriors
  2 necrophages (D:5)
  5 ogres
  9 centaurs
  18 wolves
  A phantom (D:3)
  Blork the orc (D:5)
  4 kobold brigands
  A nameless horror (Spider:4)
  8 bullfrogs
  A scorpion (Spider:1)
  5 wights (D:8)
  4 killer bees
  5 howler monkeys
  4 electric eels
  4 centaur zombies
  4 jellies
  A centaur skeleton (D:6)
  2 bullfrog skeletons (D:5)
  A hound (D:6)
  23 orc priests
  24 orc wizards
  A killer bee zombie (D:7)
  A hound skeleton (D:4)
  2 howler monkey zombies (D:8)
  7 gnolls
  5 adders
  A shadow imp (D:7)
  14 white imps
  An ufetubus (D:3)
  5 worms
  4 dart slugs
  72 orcs
  5 ball pythons
  9 endoplasms
  A giant cockroach (D:1)
  6 goblins
  7 hobgoblins
  4 jackals (D:2)
  13 kobolds
  4 quokkas
  3 bats (D:3)
  3 frilled lizards
  2 rats (D:1)
778 creatures vanquished.

Vanquished Creatures (collateral kills)
  3 emperor scorpions
  3 ghost moths
  3 spark wasps
  A jorogumo (Spider:2)
  A two-headed ogre (D:8)
  An orc high priest (Orc:2)
  3 pharaoh ants (Spider:4)
  2 orb spiders
  A steelbarb worm (Spider:1)
  An orc sorcerer (Orc:2)
  10 wolf spiders
  4 moths of wrath
  5 demonic crawlers
  6 meliai
  7 tarantellas
  A spectral tarantella (Spider:4)
  A jumping spider zombie (Spider:4)
  11 jumping spiders
  6 culicivoras
  12 redbacks
  An orc warrior (Orc:2)
83 creatures vanquished.

Vanquished Creatures (others)
  38 fungi
  70 plants
108 creatures vanquished.

Grand Total: 969 creatures vanquished

Notes
Turn   | Place    | Note
-------+----------+-------------------------------------------
     0 | D:1      | emikaela the Gnoll Cinder Acolyte began the quest for the
                  | Orb.
     0 | D:1      | Reached XP level 1. HP: 23/23 MP: 4/4
   154 | D:1      | Found a faded altar of an unknown god.
   224 | D:1      | Got Xummeuxu's Compendium of Confrontation
   255 | D:1      | Reached XP level 2. HP: 29/29 MP: 5/5
   258 | D:1      | Learned a level 2 spell: Scorch
  1046 | D:1      | Reached XP level 3. HP: 35/35 MP: 1/7
  1749 | D:2      | Reached skill level 1 in Invocations
  2384 | D:3      | Reached skill level 1 in Short Blades
  2384 | D:3      | Reached skill level 1 in Axes
  2384 | D:3      | Reached skill level 1 in Maces & Flails
  2384 | D:3      | Reached skill level 1 in Polearms
  2384 | D:3      | Reached skill level 1 in Staves
  2384 | D:3      | Reached skill level 1 in Slings
  2384 | D:3      | Reached skill level 1 in Bows
  2384 | D:3      | Reached skill level 1 in Crossbows
  2384 | D:3      | Reached skill level 1 in Throwing
  2384 | D:3      | Reached skill level 1 in Armour
  2384 | D:3      | Reached skill level 1 in Dodging
  2384 | D:3      | Reached skill level 1 in Stealth
  2384 | D:3      | Reached skill level 1 in Shields
  2384 | D:3      | Reached skill level 1 in Unarmed Combat
  2384 | D:3      | Reached skill level 1 in Evocations
  2541 | D:3      | Reached XP level 4. HP: 41/41 MP: 1/8
  2810 | D:3      | Noticed a phantom
  2813 | D:3      | Killed a phantom
  2814 | D:3      | Reached skill level 1 in Conjurations
  2814 | D:3      | Reached skill level 1 in Hexes
  2814 | D:3      | Reached skill level 1 in Summonings
  2814 | D:3      | Reached skill level 1 in Necromancy
  2814 | D:3      | Reached skill level 1 in Translocations
  2814 | D:3      | Reached skill level 1 in Transmutations
  2814 | D:3      | Reached skill level 1 in Ice Magic
  2814 | D:3      | Reached skill level 1 in Air Magic
  2814 | D:3      | Reached skill level 1 in Earth Magic
  2814 | D:3      | Reached skill level 1 in Poison Magic
  2814 | D:3      | Reached XP level 5. HP: 39/47 MP: 2/9
  3455 | D:3      | Reached XP level 6. HP: 53/53 MP: 7/10
  4742 | D:5      | Entered Level 5 of the Dungeon
  4748 | D:5      | Noticed a necrophage
  4879 | D:5      | Killed a necrophage
  4880 | D:5      | Reached XP level 7. HP: 60/60 MP: 5/12
  5013 | D:5      | Found a staircase to the Ecumenical Temple.
  5158 | D:5      | Found a sacrificial altar of Ru.
  5288 | D:5      | Noticed Blork the orc
  5304 | D:5      | Killed Blork the orc
  5789 | D:6      | Noticed Grinder
  6036 | D:6      | Reached XP level 8. HP: 67/67 MP: 7/14
  6136 | D:6      | Paralysed by Grinder for 7 turns
  6143 | D:6      | Killed Grinder
  6575 | D:6      | Found a shimmering blue altar of Sif Muna.
  6592 | D:6      | Found a shadowy altar of Dithmenos.
  6627 | D:6      | Learned a level 3 spell: Conjure Flame
  6632 | D:6      | Learned a level 4 spell: Sticky Flame
  7294 | D:7      | Noticed Menkaure
  7337 | D:7      | Reached XP level 9. HP: 60/73 MP: 13/16
  7342 | D:7      | Learned a level 4 spell: Summon Ice Beast
  7954 | D:7      | Killed Menkaure
  8096 | D:7      | Reached skill level 5 in Spellcasting
  8849 | D:8      | Learned a level 4 spell: Iskenderun's Mystic Blast
 10339 | D:8      | Noticed a hornet
 10342 | D:8      | Killed a hornet
 10343 | D:8      | Reached skill level 5 in Invocations
 10432 | D:8      | Noticed a cyclops
 10440 | D:8      | Killed a cyclops
 10441 | D:8      | Reached XP level 10. HP: 65/80 MP: 13/18
 10582 | D:8      | Noticed a cyan ugly thing
 10593 | D:8      | Killed a cyan ugly thing
 10594 | D:8      | Reached skill level 5 in Short Blades
 10594 | D:8      | Reached skill level 5 in Axes
 10594 | D:8      | Reached skill level 5 in Maces & Flails
 10594 | D:8      | Reached skill level 5 in Polearms
 10594 | D:8      | Reached skill level 5 in Staves
 10594 | D:8      | Reached skill level 5 in Slings
 10594 | D:8      | Reached skill level 5 in Bows
 10594 | D:8      | Reached skill level 5 in Crossbows
 10594 | D:8      | Reached skill level 5 in Throwing
 10594 | D:8      | Reached skill level 5 in Armour
 10594 | D:8      | Reached skill level 5 in Dodging
 10594 | D:8      | Reached skill level 5 in Stealth
 10594 | D:8      | Reached skill level 5 in Shields
 10594 | D:8      | Reached skill level 5 in Unarmed Combat
 10594 | D:8      | Reached skill level 5 in Evocations
 11131 | D:8      | Noticed a two-headed ogre
 11170 | D:8      | Killed a two-headed ogre
 11288 | D:8      | Learned a level 3 spell: Mephitic Cloud
 11433 | D:8      | Found an opulent altar of Gozag.
 11568 | D:9      | Found a hide-covered altar of Uskayaw.
 12057 | D:9      | Found a runed translucent door.
 12058 | D:9      | Found a burning altar of Makhleb.
 12058 | D:9      | Noticed a sixfirhy
 12266 | D:9      | Found a glowing golden altar of the Shining One.
 12626 | D:9      | Found an iron altar of Okawaru.
 12741 | D:9      | Reached XP level 11. HP: 87/87 MP: 15/20
 12763 | D:9      | Learned a level 3 spell: Ignite Poison
 12938 | D:10     | Entered Level 10 of the Dungeon
 13352 | D:10     | Reached skill level 5 in Conjurations
 13352 | D:10     | Reached skill level 5 in Hexes
 13352 | D:10     | Reached skill level 5 in Summonings
 13352 | D:10     | Reached skill level 5 in Necromancy
 13352 | D:10     | Reached skill level 5 in Translocations
 13352 | D:10     | Reached skill level 5 in Transmutations
 13352 | D:10     | Reached skill level 5 in Ice Magic
 13352 | D:10     | Reached skill level 5 in Air Magic
 13352 | D:10     | Reached skill level 5 in Earth Magic
 13352 | D:10     | Reached skill level 5 in Poison Magic
 13622 | D:10     | Noticed a centaur warrior
 13629 | D:10     | Killed a centaur warrior
 14109 | D:10     | Found a staircase to the Lair.
 14423 | Lair:1   | Entered Level 1 of the Lair of Beasts
 14562 | Lair:1   | Noticed Maggie
 15082 | Lair:1   | You fall into a shaft and drop 1 floor!
 15384 | Lair:2   | Found a staircase to the Shoals.
 15785 | Lair:1   | Killed Maggie
 17249 | Lair:3   | Found a frozen archway.
 17325 | Lair:3   | Noticed a five-headed hydra
 17362 | IceCv    | Entered an ice cave
 17380 | IceCv    | Reached XP level 12. HP: 36/96 MP: 4/23
 17742 | Lair:3   | Noticed an eight-headed hydra
 17855 | Lair:3   | Killed a nine-headed hydra
 18493 | Lair:3   | Noticed a four-headed hydra
 18500 | Lair:3   | Killed a four-headed hydra
 18859 | Lair:3   | Killed a five-headed hydra
 19201 | Lair:4   | Found a hole to the Spider Nest.
 19288 | Lair:4   | Reached skill level 10 in Fighting
 19288 | Lair:4   | Reached skill level 10 in Long Blades
 19715 | Lair:4   | Noticed an eight-headed hydra
 19728 | Lair:4   | Killed an eight-headed hydra
 20741 | Lair:5   | Reached XP level 13. HP: 95/103 MP: 15/25
 22107 | Lair:6   | Entered Level 6 of the Lair of Beasts
 22351 | Lair:6   | Found a staircase to the Slime Pits.
 22409 | Slime:1  | Entered Level 1 of the Pits of Slime
 23142 | Lair:6   | Noticed a dire elephant
 23525 | Lair:6   | Identified the +2 robe of Egalitarianism {rPois Regen+
                  | Int+8}
 23846 | Lair:6   | Killed a dire elephant
 23847 | Lair:6   | Reached XP level 14. HP: 34/113 MP: 20/27
 24551 | Lair:6   | Reached skill level 10 in Invocations
 25137 | Lair:6   | Identified the +7 hand axe "Daumuej" {pain, +Blink rCorr
                  | Str-4 Stlth+}
 25238 | Lair:6   | Learned a level 1 spell: Apportation
 25559 | D:11     | You fall into a shaft and drop 3 floors!
 25896 | D:13     | Found a gate leading to a gauntlet.
 26084 | D:13     | Reached skill level 10 in Spellcasting
 26673 | D:11     | Learned a level 5 spell: Alistair's Intoxication
 27179 | D:12     | Reached XP level 15. HP: 106/120 MP: 25/29
 27766 | D:12     | Found a staircase to the Orcish Mines.
 27843 | D:12     | Reached skill level 10 in Fire Magic
 28526 | D:13     | Found a runed translucent gate.
 28527 | D:13     | Found a runed translucent gate.
 28528 | D:13     | Found a runed translucent gate.
 28530 | D:13     | Noticed Yqoodd's ghost (journeyman GnWr)
 28890 | D:14     | Reached skill level 10 in Short Blades
 28890 | D:14     | Reached skill level 10 in Axes
 28890 | D:14     | Reached skill level 10 in Maces & Flails
 28890 | D:14     | Reached skill level 10 in Polearms
 28890 | D:14     | Reached skill level 10 in Staves
 28890 | D:14     | Reached skill level 10 in Slings
 28890 | D:14     | Reached skill level 10 in Bows
 28890 | D:14     | Reached skill level 10 in Crossbows
 28890 | D:14     | Reached skill level 10 in Throwing
 28890 | D:14     | Reached skill level 10 in Armour
 28890 | D:14     | Reached skill level 10 in Dodging
 28890 | D:14     | Reached skill level 10 in Stealth
 28890 | D:14     | Reached skill level 10 in Shields
 28890 | D:14     | Reached skill level 10 in Unarmed Combat
 28890 | D:14     | Reached skill level 10 in Evocations
 29850 | D:14     | Found a gate to the Vaults.
 30458 | D:15     | Entered Level 15 of the Dungeon
 30500 | D:15     | Found a staircase to the Depths.
 30944 | D:15     | Identified the +1 ring mail "Tuodud" {rC+ Dex+2 SInv}
 31821 | Orc:1    | Entered Level 1 of the Orcish Mines
 31835 | Orc:1    | Upgraded the game from 0.28-b1-25-g9875b3fc8c to 0.28.0
 31899 | Orc:2    | Entered Level 2 of the Orcish Mines
 32293 | Orc:2    | Found a staircase to the Elven Halls.
 32357 | Orc:2    | Noticed Erolcha
 32371 | Orc:2    | Killed Erolcha
 32444 | Orc:2    | Reached XP level 16. HP: 128/128 MP: 21/30
 33471 | Orc:2    | Found Fuite's Distillery.
 33476 | Orc:2    | Found Fiabu's Assorted Antiques.
 33480 | Orc:2    | Bought a potion of heal wounds for 70 gold pieces
 33480 | Orc:2    | Bought a potion of heal wounds for 70 gold pieces
 33483 | Orc:2    | Found Qumpeh's Distillery.
 33485 | Orc:2    | Found Gumibb's Distillery.
 33491 | Orc:2    | Bought a potion of heal wounds for 70 gold pieces
 33675 | Lair:1   | Learned a level 5 spell: Summon Mana Viper
 33751 | Spider:1 | Entered Level 1 of the Spider Nest
 36915 | Spider:2 | Identified the +2 leather armour of Dishonesty {rC+ Str+7
                  | Int+4}
 37302 | Spider:3 | Reached XP level 17. HP: 69/136 MP: 25/32
 37511 | Spider:3 | Learned a level 5 spell: Irradiate
 37783 | Spider:3 | Noticed Jorgrun
 37800 | Spider:3 | Killed Jorgrun
 38532 | Spider:4 | Entered Level 4 of the Spider Nest
 38731 | Spider:3 | Paralysed by a jorogumo for 1 turns
 39018 | Spider:4 | HP: 3/137 [something (13)]
 39725 | Spider:4 | Reached skill level 10 in Conjurations
 39725 | Spider:4 | Reached skill level 10 in Hexes
 39725 | Spider:4 | Reached skill level 10 in Summonings
 39725 | Spider:4 | Reached skill level 10 in Necromancy
 39725 | Spider:4 | Reached skill level 10 in Translocations
 39725 | Spider:4 | Reached skill level 10 in Transmutations
 39725 | Spider:4 | Reached skill level 10 in Ice Magic
 39725 | Spider:4 | Reached skill level 10 in Air Magic
 39725 | Spider:4 | Reached skill level 10 in Earth Magic
 39725 | Spider:4 | Reached skill level 10 in Poison Magic
 41844 | Spider:4 | Killed from afar by a jorogumo

Illustrated notes

Levels and vault maps discovered:
D:1:      dpeg_arrival_round_c, layout_basic, hellmonk_ecumenical_altar_blasted
D:2:      layout_loops_ring
D:3:      minmay_octagon_keep, layout_loops_ring
D:4:      layout_basic
D:5:      layout_basic, nicolae_ru_path_of_blood, minmay_temple_entry_crystal_x,
          dk_noncrumbling_3, minmay_strange_pillars, minmay_misc_feat_square,
          uniq_blork_the_orc
D:6:      layout_rooms, mainiacjoe_overflow_tiny_flanked, grunt_dithmenos_smoke,
          uniq_grinder
D:7:      layout_layer_cave, uniq_menkaure
D:8:      nzn_winding_woodlands_medium [nzn_winding_woodlands_5x5_open_star,
          nzn_winding_woodlands_5x15_pathside_ponds,
          nzn_winding_woodlands_hourglass, nzn_winding_woodlands_5x5_cross,
          nzn_winding_woodlands_center_diamonds,
          nzn_winding_woodlands_5x5_closed_star,
          nzn_winding_woodlands_5x5_checkerboard,
          nzn_winding_woodlands_5x15_cabin, nzn_winding_woodlands_5x5_three],
          layout_loops_ring, lemuel_coloured_pillars_altar, minivault_1,
          minmay_misc_feat_diagonals
D:9:      layout_basic, nzn_makhleb_speed_demon, lemuel_tele_altar,
          nicolae_tso_carved_into_rock, mainiacjoe_overflow_small_starburst,
          grunt_ministairs_1, hangedman_fish_farm
D:10:     cheibrodos_steamvent, layout_irregular_city, lair_entry_dummy,
          enter_bailey_4, minmay_ruffians
D:11:     layout_basic, st_stairs_10, ebering_dispersal_statue_hall
D:12:     layout_roguey, david_orc_5
D:13:     layout_irregular_city, gauntlet_entry_generic,
          gammafunk_ghost_necromancy
D:14:     minmay_slanted_spiral_squares, layout_loops_cross,
          grunt_vaults_entry_tiered, corexii_hall_statues_u, moated_statue
D:15:     hangedman_depths_entry_try_elsewhere_first, layout_loops_ring
Lair:1:   layout_cave_pods, uniq_maggie
Lair:2:   layout_cave_shapes, minmay_shoals_entry_hut
Lair:3:   layout_roguey, portal_ice_cave_entry_imps, grunt_megastairs_3,
          infiniplex_staircase_pool_2
Lair:4:   layout_regular_city, spider_nest_entry_webs, serial_rivers,
          chequers_serial_rivers_micro_a, chequers_serial_rivers_marsh,
          chequers_serial_rivers_micro_d, chequers_serial_rivers_micro_e,
          chequers_serial_rivers_room_b, beast_lair_carwin_11
Lair:5:   layout_long_grid
Lair:6:   hangedman_lair_in_review, layout_regular_city,
          hangedman_lair_tendril_chambers, minmay_slime_entry_pillars,
          amcnicky_mini_pool_medium
Spider:1: nicolae_spider_corner, drop_trap
Spider:2: layout_spider_delve
Spider:3: layout_spider_delve, uniq_jorgrun
Spider:4: floodkiller_spider_rune_tomb
Slime:1:  layout_caves
Orc:1:    layout_diamond_mine, basic_altar
Orc:2:    st_orc_elflike, layout_diamond_mine, uniq_erolcha

Skill      XL: |  1  2  3  4  5  6  7  8  9 10 11 12 13 14 15 16 17 |
---------------+----------------------------------------------------+-----
Invocations    | 1 2 3 4 5 6 7 8 9 10 11 12 13 | 13.0
Short Blades   | 1 2 3 4 5 6 7 8 9 10 11 12 | 12.0
Axes           | 1 2 3 4 5 6 7 8 9 10 11 12 | 12.0
Maces & Flails | 1 2 3 4 5 6 7 8 9 10 11 12 | 12.0
Polearms       | 1 2 3 4 5 6 7 8 9 10 11 12 | 12.0
Staves         | 1 2 3 4 5 6 7 8 9 10 11 12 | 12.0
Slings         | 1 2 3 4 5 6 7 8 9 10 11 12 | 12.0
Bows           | 1 2 3 4 5 6 7 8 9 10 11 12 | 12.0
Crossbows      | 1 2 3 4 5 6 7 8 9 10 11 12 | 12.0
Throwing       | 1 2 3 4 5 6 7 8 9 10 11 12 | 12.0
Armour         | 1 2 3 4 5 6 7 8 9 10 11 12 | 12.0
Dodging        | 1 2 3 4 5 6 7 8 9 10 11 12 | 12.0
Stealth        | 1 2 3 4 5 6 7 8 9 10 11 12 | 12.0
Shields        | 1 2 3 4 5 6 7 8 9 10 11 12 | 12.0
Unarmed Combat | 1 2 3 4 5 6 7 8 9 10 11 12 | 12.0
Evocations     | 1 2 3 4 5 6 7 8 9 10 11 12 | 12.0
Spellcasting   | 3 4 5 6 7 8 9 10 11 12 | 12.3
Conjurations   | 1 2 3 4 5 6 7 8 9 10 | 10.1
Hexes          | 1 2 3 4 5 6 7 8 9 10 | 10.1
Summonings     | 1 2 3 4 5 6 7 8 9 10 | 10.1
Necromancy     | 1 2 3 4 5 6 7 8 9 10 | 10.1
Translocations | 1 2 3 4 5 6 7 8 9 10 | 10.1
Transmutations | 1 2 3 4 5 6 7 8 9 10 | 10.1
Ice Magic      | 1 2 3 4 5 6 7 8 9 10 | 10.1
Air Magic      | 1 2 3 4 5 6 7 8 9 10 | 10.1
Earth Magic    | 1 2 3 4 5 6 7 8 9 10 | 10.1
Poison Magic   | 1 2 3 4 5 6 7 8 9 10 | 10.1
Fighting       | 7 8 9 10 11 12 13 | 13.5
Long Blades    | 7 8 9 10 11 12 13 | 13.5
Fire Magic     | 6 7 8 9 10 11 | 11.5

Action                   |  1- 3 |  4- 6 |  7- 9 | 10-12 | 13-15 | 16-18 || total
-------------------------+-------+-------+-------+-------+-------+-------++-------
Melee: Falchion          |    48 |    18 |       |       |       |       ||    66
       Punch             |     1 |     2 |       |       |       |       ||     3
       Bite              |     1 |     6 |     6 |    24 |    97 |   124 ||   258
       Hand axe          |       |     6 |       |       |   405 |    35 ||   446
       Quarterstaff      |       |       |    46 |       |       |       ||    46
       Great sword       |       |       |     7 |   165 |    13 |       ||   185
       Broad axe         |       |       |       |       |   169 |   688 ||   857
Throw: Stone             |       |       |       |       |     4 |       ||     4
       Dart              |       |       |       |       |       |     1 ||     1
 Cast: Scorch            |    28 |    47 |   121 |   130 |   246 |    98 ||   670
       Sticky Flame      |       |       |    11 |    91 |   226 |    33 ||   361
       Summon Ice Beast  |       |       |     2 |     5 |     2 |    81 ||    90
       Mephitic Cloud    |       |       |       |    12 |    39 |     6 ||    57
       Ignite Poison     |       |       |       |     7 |    24 |     3 ||    34
       Iskenderun's Myst |       |       |       |       |     2 |     4 ||     6
       Alistair's Intoxi |       |       |       |       |     1 |     2 ||     3
       Summon Mana Viper |       |       |       |       |       |    94 ||    94
       Irradiate         |       |       |       |       |       |     8 ||     8
Invok: Fiery Armour      |       |       |     2 |     1 |     1 |       ||     4
Evoke: Wand              |       |       |       |       |       |     3 ||     3
  Use: Scroll            |     1 |     3 |     8 |     6 |    13 |     8 ||    39
       Potion            |       |       |       |     1 |       |     9 ||    10
 Stab: Sleeping          |       |     2 |     1 |    15 |    10 |     8 ||    36
       Confused          |       |       |       |     2 |     2 |     1 ||     5
       Petrified         |       |       |       |       |     9 |       ||     9
       Distracted        |       |       |       |       |     3 |    10 ||    13
Armor: Robe              |     4 |       |       |       |   262 |   593 ||   859
       Leather armour    |     7 |     9 |    24 |   100 |    60 |       ||   200
       Troll leather arm |       |       |       |     6 |       |       ||     6
Dodge: Dodged            |    25 |    20 |    37 |   239 |   514 |   752 ||  1587
Block: Buckler           |       |       |       |       |   236 |   380 ||   616
